AoeStats
← felip3.diaz

Arena

510427467Analyzed
2v2 RM · 1d ago on Oct 1, 2026· 50m 43s· 4 players
Game mode
Random Map
Map size
Medium (4 player)
Population
200
Speed
Normal
Resources
Standard
Victory
Conquest
Starting age
Dark Age
Ending age
Imperial Age
RankedLock teamsTeams togetherTeam positionsShared explorationLock speedFull tech treeHidden civsTurbo modeCheats
Victory
Defeat
🇨🇴 Magyars · Colombia
965
+13
🇨🇴 Bohemians · Colombia
956
+13
🇨🇦 Armenians · Canada
923
-14
🇨🇦 Goths · Canada
866
-12
SASH9
10:56 Feudal Age
12:37 Double-Bit Axe
15:23 Castle Age
21:20 Horse Collar
22:47 Loom
23:37 Wheelbarrow
22:47 Town Watch
25:10 Bow Saw
26:06 Gold Mining
26:31 Heavy Plow
28:57 Man-at-Arms
28:59 Pikeman
29:25 Gambesons
29:40 Squires
29:26 Arson
29:54 Forging
29:44 Scale Mail Armor
29:50 Long Swordsman
33:28 Imperial Age
31:18 Two-Handed Swordsman
31:19 Halberdier
32:28 Chain Mail Armor
34:53 Fereters
35:11 Conscription
35:38 Iron Casting
35:44 Plate Mail Armor
35:36 Champion
38:25 Blast Furnace
43:03 Chemistry
42:24 Ballistics
41:45 Treadmill Crane
42:21 Fletching
43:57 Elite Skirmisher
47:26 Bodkin Arrow
47:31 Padded Archer Armor
49:52 Bracer
50:07 Leather Archer Armor
OmaplataWizard
4:24 Loom
12:12 Feudal Age
12:38 Double-Bit Axe
16:21 Castle Age
16:39 Wheelbarrow
16:27 Horse Collar
19:29 Bow Saw
20:12 Fervor
20:27 Forging
20:18 Scale Mail Armor
21:50 Heavy Plow
23:15 Chain Mail Armor
25:44 Anarchy
27:19 Town Watch
28:23 Ballistics
28:11 Squires
28:09 Fletching
29:38 Caravan
30:21 Gold Mining
32:25 Iron Casting
32:42 Treadmill Crane
33:20 Pikeman
36:11 Murder Holes
50:35 Elite Skirmisher
juandaosp12
10:38 Feudal Age
15:31 Castle Age
13:16 Horse Collar
13:34 Double-Bit Axe
15:59 Wheelbarrow
17:11 Bow Saw
17:41 Heavy Plow
21:16 Stone Mining
21:16 Gold Mining
22:37 Gold Mining
26:06 Gold Shaft Mining
25:58 Loom
29:35 Imperial Age
28:04 Fletching
28:20 Scale Barding Armor
28:27 Bloodlines
29:36 Hand Cart
29:24 Corvinian Army
29:41 Cavalier
32:18 Two-Man Saw
32:43 Conscription
32:53 Chain Barding Armor
33:29 Parthian Tactics
33:10 Thumb Ring
33:28 Ballistics
34:16 Chemistry
33:25 Bodkin Arrow
34:12 Town Watch
35:05 Plate Barding Armor
34:31 Bracer
34:41 Husbandry
34:29 Heavy Cavalry Archer
35:52 Elite Magyar Huszar
41:23 Crop Rotation
41:42 Padded Archer Armor
44:52 Paladin
46:15 Recurve Bow
45:43 Light Cavalry
felip3.diaz
11:35 Feudal Age
15:38 Castle Age
13:38 Double-Bit Axe
22:10 Caravan
23:22 Bow Saw
28:27 Ballistics
29:01 Horse Collar
29:31 Wagenburg Tactics
29:51 Heavy Plow
31:04 Wheelbarrow
30:17 Town Watch
32:33 Chemistry
32:18 Husbandry
34:59 Imperial Age
33:52 Hand Cart
33:39 Town Patrol
34:17 Fortified Wall
35:09 Elite Hussite Wagon
36:11 Conscription
36:06 Siege Engineers
38:01 Heavy Scorpion
40:12 Two-Man Saw
40:41 Houfnice
46:34 Cavalier
46:36 Light Cavalry
Connection lost

Rejoining the realm…

Still unreachable

The connection could not be restored.

Session expired

The server has moved on; the page needs a fresh start.